 Dungeon Crawl Stone Soup version 0.28-a0-691-gad6df49e81 (webtiles) character file.

Game seed: 12170275696012906099

2499 Zenkrye the Cruncher (level 9, -9/68 HPs)
             Began as a Formicid Fighter on Oct 20, 2021.
             Was an Initiate of Okawaru.
             Hit by a javelin thrown by a centaur (14 damage)
             ... in a bailey.
             The game lasted 00:14:55 (7575 turns).

Zenkrye the Cruncher (Formicid Fighter)             Turns: 7575, Time: 00:14:55

Health: -9/68      AC: 15    Str: 21    XL:     9   Next: 82%
Magic:  0/10       EV: 11    Int: 11    God:    Okawaru [......]
Gold:   651        SH:  5    Dex: 10    Spells: 8/8 levels left

rFire   . . .      SeeInvis +   a - +1 quarterstaff
rCold   . . .      Faith    .   c - +0 buckler
rNeg    + . .      Spirit   +   B - +2 chain mail {rN+}
rPois   .          Reflect  .   (helmet unavailable)
rElec   .          Harm     .   l - +0 cloak
rCorr   .          Rampage  .   (no gloves)
Will    .....                   z - +1 pair of boots
Stlth   ..........              g - amulet of guardian spirit
HPRegen 0.21/turn               V - +4 ring of evasion
MPRegen 0.12/turn               C - ring of flight

@: flying
A: permanent stasis, dig shafts and tunnels, antennae 3, four strong arms
a: Dig, Renounce Religion


You were in a bailey.
You worshipped Okawaru.
Okawaru was noncommittal.
You visited 2 branches of the dungeon, and saw 9 of its levels.
You also visited: Ossuary and Bailey.

You collected 651 gold pieces.

Inventory:

Hand Weapons
 a - a +1 quarterstaff (weapon)
 y - the +7 mace of Golden Blind Justice {vorpal, Fragile Int+4}
   (You found it on level 5 of the Dungeon)

   It inflicts extra damage upon your enemies.
   Int:       It affects your intelligence (+4).
   Fragile:   It will be destroyed if unequipped.
Missiles
 h - a throwing net {!f}
 n - 37 poisoned darts
 t - 12 boomerangs (quivered)
 v - a curare-tipped dart
 A - 6 javelins
Armour
 b - a +0 scale mail
 c - a +0 buckler (worn)
 l - a +0 cloak (worn)
 z - a +1 pair of boots (worn)
 B - a +2 chain mail of positive energy (worn)
Jewellery
 f - a ring of protection from fire
 g - an amulet of guardian spirit (around neck)
 w - a ring of wizardry
 C - a ring of flight (right hand)
 V - a +4 ring of evasion (left hand)
Wands
 q - a wand of flame (21)
 s - a wand of iceblast (6) {@v4}
Scrolls
 i - a scroll of identify {@r1}
 p - 2 scrolls of immolation
 D - 2 scrolls of amnesia
 F - a scroll of fog {unknown}
 G - a scroll of holy word {unknown}
 H - a scroll of magic mapping {unknown}
Potions
 d - 4 potions of curing {@q1}
 e - 3 potions of flight
 j - a potion of resistance {unknown}
 k - a potion of magic
 m - a potion of berserk rage {unknown}
 o - 5 potions of heal wounds {unknown}
 r - 5 potions of attraction {unknown}
 u - 2 potions of brilliance {unknown}
 x - a potion of ambrosia {unknown}
 E - a potion of cancellation {unknown}


   Skills:
 + Level 5.2 Fighting
 * Level 10.8 Staves
 + Level 5.2 Armour
 + Level 5.7 Shields
 + Level 2.0 Invocations


You had 8 spell levels left.
You didn't know any spells.
Your spell library contained the following spells:

 Spells                   Type           Power      Damage    Failure   Level
 Ensorcelled Hibernation  Hex/Ice        0%         N/A       99%         2
 Ozocubu's Armour         Ice            0%         N/A       100%        3
 Starburst                Conj/Fire      0%         6d3       100%        6
 Ozocubu's Refrigeration  Ice            0%         4d5       100%        7
 Tukima's Dance           Hex            Unusable   N/A       N/A         3
 Malign Gateway           Summ/Tloc      Unusable   N/A       N/A         7
 Infestation              Necr           Unusable   N/A       N/A         8
 Summon Horrible Things   Summ           Unusable   N/A       N/A         8

Dungeon Overview and Level Annotations

Branches:
Dungeon (8/15)             Temple (1/1) D:7         Ossuary (visited)
 Bailey (1/1)
   Lair: D:8-11

Altars:
Ashenzari
Dithmenos
Hepliaklqana
Kikubaaqudgha
Okawaru
Qazlal
Ru
Wu Jian
Xom
Yredelemnul
Zin
The Shining One
Beogh

Shops:
D:7 :   D:8 ?


Innate Abilities, Weirdness & Mutations

You cannot be hasted, slowed, berserked, paralysed or teleported.
You can dig through walls and to a lower floor.
You have a pair of large antennae on your head. (SInv)
Your four strong arms can wield two-handed weapons with a shield.


Message History

The orc hits you from afar with a +0 halberd.
The orc hits you from afar with a +0 spear.
* * * LOW HITPOINT WARNING * * *
You feel better. You block the orc's attack.
The orc hits you but does no damage.
Unknown command.
You block the orc's attack.
There is a fountain of clear blue water here.
You block the orc's attack.
The orc hits you from afar with a +0 halberd.
* * * LOW HITPOINT WARNING * * *
The orc closely misses you.
The centaur throws a javelin.
The javelin barely misses you. The orc closely misses you. x2
You block the orc's attack. The centaur closely misses you.
The orc hits you but does no damage.
You block the centaur's attack. x2; The orc closely misses you.
The centaur throws a javelin.
The javelin pierces through you but does no damage.
The orc closely misses you.
The centaur hits you from afar with a +0 halberd!
* * * LOW HITPOINT WARNING * * *
The centaur hits you from afar with a +0 halberd.
* * * LOW HITPOINT WARNING * * *
The orc closely misses you.
The centaur throws a javelin.
The javelin pierces through you.
* * * LOW HITPOINT WARNING * * *
You feel better.
The centaur throws a javelin.
The javelin pierces through you!
* * * LOW HITPOINT WARNING * * *
The orc barely misses you.
The centaur throws a javelin.
The javelin pierces through you but does no damage.
You feel better.
The centaur throws a javelin.
The javelin pierces through you but does no damage.
The orc barely misses you.
Unknown command.
There is a fountain of clear blue water here.
The orc hits you from afar with a +0 halberd!
* * * LOW HITPOINT WARNING * * *
The centaur throws a javelin.
The javelin pierces through you!
You die...

#.≈.≈≈.≈..⌠.⌠..≈≈.≈..$
#.≈.o..≈..∩∩∩.....≈o$$
{#.≈c≈≈.≈..⌠.⌠..≈≈.≈..$
#.≈≈o≈.≈≈≈...≈≈≈.≈≈.$≈
##.≈o≈≈.)≈≈≈≈≈..≈≈..⌠≈
#.≈≈c≈≈≈.)...≈≈≈...≈≈
{#..≈≈o.≈≈≈≈≈≈≈....≈≈#
{ #.⌠.≈≈≈.......≈≈..≈##
##..@.≈≈≈≈≈≈≈≈≈...≈#
#####............≈# {
##########+####


You could see 2 centaurs and 4 orcs.

Vanquished Creatures
  Maggie (D:7)
  3 water moccasins
  A hornet zombie (D:6)
  2 sky beasts (D:6)
  A black bear (D:6)
  3 centaurs
  A phantom (D:5)
  3 bullfrogs
  A kobold brigand (D:7)
  A wyvern zombie (D:8)
  2 scorpions
  A howler monkey (D:6)
  3 centaur zombies
  A bullfrog zombie (D:5)
  2 centaur skeletons (D:6)
  An orc priest (D:4)
  A hound (D:5)
  2 bullfrog skeletons
  2 iguanas
  4 orc wizards
  A killer bee zombie (D:5)
  8 mummies (Ossuary)
  5 adders
  A shadow imp (D:5)
  An adder skeleton (D:5)
  A worm (D:2)
  2 dart slugs (D:1)
  26 orcs
  8 bats
  8 endoplasms
  3 giant cockroaches
  9 goblins
  4 hobgoblins
  3 jackals (D:2)
  12 kobolds
  7 ball pythons
  2 frilled lizards (D:1)
  2 gnoll zombies (Ossuary)
  A hobgoblin zombie (Ossuary)
  A kobold zombie (Ossuary)
  4 orc zombies (Ossuary)
  3 rats
148 creatures vanquished.

Vanquished Creatures (others)
  An orc (Bailey)
1 creature vanquished.

Grand Total: 149 creatures vanquished

Notes
Turn   | Place    | Note
-------+----------+-------------------------------------------
     0 | D:1      | Zenkrye the Formicid Fighter began the quest for the Orb.
     0 | D:1      | Reached XP level 1. HP: 18/18 MP: 1/1
   268 | D:1      | Reached XP level 2. HP: 24/24 MP: 2/2
   526 | D:1      | Reached skill level 3 in Staves
   723 | D:1      | Reached XP level 3. HP: 22/29 MP: 3/3
  1581 | D:2      | Reached skill level 4 in Staves
  1581 | D:2      | Reached XP level 4. HP: 35/35 MP: 4/4
  1790 | D:2      | Found a faded altar of an unknown god.
  2295 | D:3      | Reached XP level 5. HP: 38/41 MP: 5/5
  2296 | D:3      | Reached skill level 5 in Staves
  2444 | D:3      | Found a glowing golden altar of the Shining One.
  3001 | D:4      | Found a basalt altar of Yredelemnul.
  3035 | D:4      | Reached XP level 6. HP: 47/47 MP: 6/6
  3059 | D:4      | Found an ancient bone altar of Kikubaaqudgha.
  3185 | D:4      | Reached skill level 6 in Staves
  3630 | D:5      | Entered Level 5 of the Dungeon
  3707 | D:5      | Reached XP level 7. HP: 50/52 MP: 5/7
  3763 | D:5      | Identified the +7 mace of Golden Blind Justice {vorpal,
                  | Fragile Int+4}
  3790 | D:5      | Reached skill level 7 in Staves
  3885 | D:5      | Got the Incunabulum of Igneous Stolen Souls
  4105 | D:5      | Found a shimmering altar of Xom.
  4272 | D:6      | Reached skill level 8 in Staves
  4401 | D:6      | Reached XP level 8. HP: 32/58 MP: 5/8
  4624 | D:6      | Reached skill level 9 in Staves
  4908 | D:6      | Reached skill level 10 in Staves
  5717 | D:7      | Reached XP level 9. HP: 64/65 MP: 9/9
  5822 | D:7      | Found an ornate altar of the Wu Jian Council.
  6143 | D:7      | Found a glowing silver altar of Zin.
  6143 | D:7      | Noticed Maggie
  6160 | D:7      | Killed Maggie
  6161 | D:7      | Reached skill level 5 in Shields
  6236 | D:7      | Found a hazy altar of Hepliaklqana.
  6388 | D:7      | Found Tickennu's Book Boutique.
  6702 | D:7      | Found a staircase to the Ecumenical Temple.
  6711 | Temple   | Entered the Ecumenical Temple
  6755 | Temple   | Became a worshipper of Warmaster Okawaru
  7001 | D:8      | Reached skill level 5 in Fighting
  7001 | D:8      | Reached skill level 5 in Armour
  7001 | D:8      | Reached skill level 1 in Invocations
  7063 | D:8      | Found Cock's Magic Scroll Shoppe.
  7135 | D:8      | Found a sand-covered staircase.
  7143 | Ossuary  | Entered an ossuary
  7181 | Ossuary  | Reached * piety under Okawaru
  7501 | D:8      | Found a flagged portal.
  7520 | Bailey   | Entered a bailey
  7555 | Bailey   | HP: 3/68 [centaur/javelin (3)]
  7571 | Bailey   | HP: 3/68 [centaur/javelin (8)]
  7575 | Bailey   | Hit by a javelin thrown by a centaur

Illustrated notes

Levels and vault maps discovered:
D:1:      dpeg_arrival_court, layout_loops_corners, minmay_tripent
D:2:      layout_basic, basic_ecumenical_altar, serial_glass, glass_columns_b,
          glass_columns_c
D:3:      layout_rooms, nicolae_tso_carved_into_rock
D:4:      layout_basic, mainiacjoe_overflow_alcove_1,
          mainiacjoe_overflow_alcove_4, kennysheep_orc_chapel
D:5:      layout_basic, general_overflow_altar
D:6:      layout_loops_cross
D:7:      layout_basic, mainiacjoe_overflow_small_starburst, marbit_many_paths,
          zin_scriptorium, minmay_temple_entry_poolview, serial_curves,
          eino_curves_03, eino_curves_03, serial_shops, shop, uniq_maggie
D:8:      layout_layer_cave, serial_shops, shop, shop_coins, shop,
          nicolae_ossuary_entry_ruins, enter_bailey_5, uniq_harold
Temple:   bh_familiar_temple
Bailey:   bailey_polearm_flooded_kennysheep, bailey

Skill      XL: |  1  2  3  4  5  6  7  8  9 |
---------------+----------------------------+-----
Staves         | 3 4 5 6 8 10 | 10.8
Shields        | 4 5 |  5.7
Fighting       | 5 |  5.2
Armour         | 5 |  5.2
Invocations    | 2 |  2.0

Action                   |  1- 3 |  4- 6 |  7- 9 || total
-------------------------+-------+-------+-------++-------
Melee: Quarterstaff      |    69 |   145 |   298 ||   512
Throw: Dart              |       |    26 |       ||    26
       Boomerang         |       |     1 |    20 ||    21
  Use: Scroll            |     4 |     3 |     5 ||    12
       Potion            |       |       |     7 ||     7
Armor: Scale mail        |    29 |    63 |    20 ||   112
       Chain mail        |       |       |   128 ||   128
Dodge: Dodged            |    25 |    60 |   122 ||   207
Block: Buckler           |     9 |    25 |    60 ||    94

Table legend: (Time is in decaauts)
 A = Elapsed time spent in this place.
 B = Non-inter-level travel time spent in this place.
 C = Inter-level travel time spent in this place.
 D = Time resting spent in this place.
 E = Time spent auto-exploring this place.
 F = Levels seen in this place.
 G = Mean time per level.
                   A        B        C        D        E       F      G
               +--------+--------+--------+--------+--------+-----+--------+
         Total |   7543 |   7324 |    219 |    180 |   5907 |  11 |  685.7 |
       Dungeon |   7099 |   6893 |    206 |    180 |   5629 |   8 |  887.4 |
        Temple |     58 |     45 |     13 |      0 |     30 |   1 |   58.0 |
       Ossuary |    331 |    331 |      0 |      0 |    248 |   1 |  331.0 |
        Bailey |     52 |     52 |      0 |      0 |      0 |   1 |   52.0 |
               +--------+--------+--------+--------+--------+-----+--------+

Top non-repeatable levels by time:
     D:6: 1373 daAuts
     D:1: 1159 daAuts
     D:7: 1126 daAuts
     D:4: 933 daAuts
     D:2: 933 daAuts
     D:5: 627 daAuts
     D:3: 619 daAuts
 Ossuary: 331 daAuts
     D:8: 325 daAuts
  Temple: 58 daAuts
  Bailey: 52 daAuts
